 Dungeon Crawl Stone Soup version 0.31-a0-1176-gb7303255ee (webtiles) character file.

Game seed: 15115643433004267103

74 Malachi the Covered (level 4, -9/33 (35) HPs)
             Began as an Armataur Fighter on Dec 11, 2023.
             Mangled by Crazy Yiuf
             ... wielding a +2 quarterstaff of chaos
              (11 damage)
             ... on level 2 of the Dungeon.
             The game lasted 00:03:30 (1938 turns).

Malachi the Covered (Armataur Fighter)              Turns: 1938, Time: 00:03:31

HP:   -9/33 (35)    AC:  7    Str: 23    XL:     4   Next: 10%
MP:   4/4           EV:  7    Int:  8    God:
Gold: 97            SH:  0    Dex: 10    Spells: 3/3 levels left

rFire   + . .        o - +0 whip (venom)
rCold   . . .        c - +0 buckler
rNeg    . . .        b - +0 scale mail
rPois   .            (no helmet)
rElec   .            (no cloak)
rCorr   .            (no gloves)
SInv    .            (no barding)
Will    .....        (no amulet) Stlth
                     e - ring of protection from fire
HPRegen 0.25/turn    i - ring of willpower
MPRegen 0.09/turn

%: roll
@: confused, mighty, weak-willed, drained
A: large, deformed body, tough skin 3, armoured tail, roll 1, long tongue
a: no special abilities


You were on level 2 of the Dungeon.
You visited 1 branch of the dungeon, and saw 2 of its levels.

You collected 97 gold pieces.

Inventory:

Hand Weapons
 a - a +0 flail
 o - a +0 whip of venom (weapon)
Armour
 b - a +0 scale mail (worn)
 c - a +0 buckler (worn)
Jewellery
 e - a ring of protection from fire (left hand)
 i - a ring of willpower (right hand)
Scrolls
 f - a scroll of blinking {unknown}
 g - a scroll of torment {unknown}
 h - 2 scrolls of identify {unknown}
 j - 2 scrolls of fear {unknown}
 k - a scroll of teleportation {unknown}
 m - a scroll of enchant armour {unknown}


   Skills:
 + Level 3.2 Fighting
 + Level 2.4 Maces & Flails
 + Level 4.3 Armour
 + Level 3.9 Shields


You had 3 spell levels left.
You didn't know any spells.
Your spell library contained the following spells:

 Spells                   Type           Power      Damage    Failure   Level
 Ensorcelled Hibernation  Hex/Ice        0%         N/A       89%         2
 Passwall                 Tmut/Erth      0%         N/A       89%         2
 Swiftness                Air            0%         N/A       98%         3
 Tukima's Dance           Hex            0%         N/A       98%         3
 Passage of Golubria      Tloc           0%         N/A       100%        4
 Yara's Violent Unravell  Hex/Tmut       0%         3d3       100%        5


Dungeon Overview and Level Annotations

Branches:
Dungeon (2/15)

Altars:

Shops:
D:2 :

Annotations:
D:2 Crazy Yiuf


Innate Abilities, Weirdness & Mutations

Armour fits poorly on your strangely shaped body.
You have extremely tough skin. (AC +3)
You have a long armoured tail.
You roll when moving toward enemies. (Rampage)
Your long tongue fully drains potion bottles. (2x potion effects)


Message History

There is an entrance to Xidim's Book Shop here.
Found a hammer.
Found a runed translucent door.
Crazy Yiuf shouts!
Found a pair of gloves.
No target in view!
No target in view!
No target in view!
Found a stone staircase leading down.
You now have 97 gold pieces (gained 6).
Found a club.
You see here a +0 pair of gloves.
You see here a +0 leather armour.
Key pressed, stopping explore.
Crazy Yiuf shouts!
You open the door. You hit Crazy Yiuf.
Crazy Yiuf is lightly wounded.
Crazy Yiuf hits you with a +2 quarterstaff of chaos!
You feel drained.
You hit Crazy Yiuf.
Crazy Yiuf is poisoned.
Crazy Yiuf is heavily wounded.
Crazy Yiuf hits you with a +2 quarterstaff of chaos!
Your willpower is stripped away!
You barely miss Crazy Yiuf.
Crazy Yiuf is heavily wounded.
Crazy Yiuf hits you with a +2 quarterstaff of chaos!
* * * LOW HITPOINT WARNING * * *
You feel very mighty all of a sudden.
You hit Crazy Yiuf.
Crazy Yiuf looks as sick as possible!
Crazy Yiuf is severely wounded.
Crazy Yiuf hits you but does no damage.
You are confused.
You bump into the tree.
Crazy Yiuf hits you with a +2 quarterstaff of chaos.
* * * LOW HITPOINT WARNING * * *
You feel mightier all of a sudden.
You slurp down every last drop of the potion of might!
Crazy Yiuf yells, "Hah Xom sallow!"
Crazy Yiuf hits you with a +2 quarterstaff of chaos!
You die...

##### #..)# #...#
... #g# ♣♣@♣ ♣.♣♣
♣♣.♣ ♣.♣♣ #####
♣♣.♣♣ ### #...#
♣..P♣♣ ##### ##..
#.### ♣PP..♣ #...#
#..# ### #.# #....#
#...# ##... ..## #.#
#....#####...###..##


You could see Crazy Yiuf (extremely poisoned).

Vanquished Creatures
  Robin (D:2)
  A worm (D:2)
  2 dart slugs (D:1)
  8 ball pythons
  9 endoplasms
  12 goblins
  5 hobgoblins
  3 quokkas
  A bat (D:1)
  4 frilled lizards
  4 kobolds
  A rat (D:2)
51 creatures vanquished.

Notes
Turn   | Place    | Note
-------+----------+-------------------------------------------
     0 | D:1      | Malachi the Armataur Fighter began the quest for the Orb.
     0 | D:1      | Reached XP level 1. HP: 17/17 MP: 1/1
   204 | D:1      | Reached XP level 2. HP: 20/23 MP: 2/2
   468 | D:1      | Reached skill level 4 in Armour
   747 | D:1      | Reached XP level 3. HP: 29/29 MP: 3/3
  1172 | D:2      | Found Xidim's Book Shop.
  1172 | D:2      | Noticed Robin
  1188 | D:2      | Killed Robin
  1198 | D:2      | Reached XP level 4. HP: 17/35 MP: 4/4
  1774 | D:2      | Found a runed translucent door.
  1775 | D:2      | Noticed Crazy Yiuf
  1938 | D:2      | Mangled by Crazy Yiuf

Illustrated notes

Levels and vault maps discovered:
D:1:      dpeg_chamrin_arrival_tetris, layout_loops_ring, st_stairs_7,
          minmay_heptomino_h4
D:2:      layout_rooms, serial_shops, nicolae_shop_advertising_works
          [nicolae_subvault_shop_adworks], minmay_misc_feat_columns, uniq_robin,
          uniq_crazy_yiuf_cottage

Skill      XL: |  1  2 |
---------------+-------+-----
Maces & Flails | 2 |  2.4
Armour         | 4 |  4.3
Fighting       | 3 |  3.2
Shields        | |  3.9

Action                     |  1- 3 |  4- 6 || total
---------------------------+-------+-------++-------
  Melee: Flail             |    99 |       ||    99
         Tailslap          |    13 |       ||    13
         Whip              |    21 |    15 ||    36
    Use: Potion            |     3 |     1 ||     4
 Armour: Scale mail        |    87 |    16 ||   103
  Dodge: Dodged            |    42 |     6 ||    48
  Block: Buckler           |    27 |     1 ||    28

Table legend: (Time is in decaauts)
 A = Elapsed time spent in this place.
 B = Non-inter-level travel time spent in this place.
 C = Inter-level travel time spent in this place.
 D = Time resting spent in this place.
 E = Time spent auto-exploring this place.
 F = Levels seen in this place.
 G = Mean time per level.
                   A        B        C        D        E       F      G
               +--------+--------+--------+--------+--------+-----+--------+
         Total |   1968 |   1952 |     16 |    520 |   1130 |   2 |  984.0 |
       Dungeon |   1968 |   1952 |     16 |    520 |   1130 |   2 |  984.0 |
               +--------+--------+--------+--------+--------+-----+--------+

Top non-repeatable levels by time:
     D:2: 1077 daAuts
     D:1: 891 daAuts
